 Dungeon Crawl Stone Soup version 0.20-a0-522-g0b37eee (webtiles) character file.

35 M4edhros the Sneak (level 3, -2/23 HPs)
             Began as an Octopode Artificer on Jan 25, 2017.
             Slain by a scorpion (9 damage)
             ... on level 4 of the Dungeon.
             The game lasted 00:01:04 (878 turns).

M4edhros the Sneak (Octopode Artificer)              Turns: 878, Time: 00:01:04

Health: -2/23      AC:  1    Str: 11    XL:     3   Next: 35%
Magic:  5/5        EV: 13    Int: 13    God:
Gold:   82         SH:  0    Dex: 13    Spells: 2/2 levels left

rFire    . . .     SeeInvis .   a - +0 short sword
rCold    . . .     Gourm    .   (no shield)
rNeg     . . .     Faith    .   (helmet restricted)
rPois    .         Spirit   .   (no amulet)
rElec    .         Reflect  .   (no ring)
rCorr    .         Harm     .   (no ring)
MR       .....                  (no ring)
Stlth    ++++......             (no ring)
Regen    0.1/turn               (no ring)
                                (no ring)
                                (no ring)
                                (no ring)

@: lethally poisoned (-2 -> -10)
A: almost no armour, stealthy swim, amphibious, 8 rings, constrict 8, camouflage
1, gelatinous body 1
a: no special abilities


You were on level 4 of the Dungeon.
You were not hungry.

You visited 1 branch of the dungeon, and saw 4 of its levels.

You collected 82 gold pieces.

Inventory:

Hand Weapons
 a - a +0 short sword (weapon)
Wands
 b - a wand of flame (14/48)
 c - a wand of enslavement (15/24)
 d - a wand of random effects (15/48)
Scrolls
 e - a scroll of blinking {unknown}
 i - a scroll of fog {unknown}
 j - a scroll of fear {unknown}
 k - a scroll of identify {unknown}
Potions
 l - a potion of haste {unknown}
 m - a potion of might {unknown}
 n - a potion of heal wounds {unknown}
Comestibles
 f - 3 bread rations
 g - 5 meat rations
 h - 5 fruits


   Skills:
 - Level 1.0 Fighting
 - Level 1.0 Short Blades
 - Level 2.0 Dodging
 + Level 4.5 Stealth
 - Level 3.2 Evocations


You had 2 spell levels left.
You didn't know any spells.

Dungeon Overview and Level Annotations

Branches:
Dungeon (4/15)
 Temple: D:4-7

Altars:
Cheibriados
Yredelemnul


Innate Abilities, Weirdness & Mutations

You cannot wear most types of armour.
You are very stealthy in the water. (Stealth+)
You are amphibious.
You can wear up to eight rings at the same time.
You can use your tentacles to constrict eight enemies at once.
Your skin changes colour to match your surroundings (Stealth+).
Your rubbery body absorbs attacks. (AC +1, EV +1)


Message History

A scorpion is nearby!
You hit the scorpion but do no damage. You grab the scorpion.
You constrict the scorpion. The scorpion stings you!
You are poisoned.
The scorpion poisons you!
A scorpion is nearby!
You hit the scorpion but do no damage.
The scorpion is lightly wounded.
You constrict the scorpion.
You feel sick. The scorpion stings you!
There is a lethal amount of poison in your body!
You are too injured to fight recklessly!
Evoke which item? (* to show all) (? for menu, Esc to quit)
Aiming: Throw Flame
Press: ? - help, Shift-Dir - straight line, f - scorpion
Aim: a scorpion (moderately wounded, constricted by you)
The puff of flame hits the scorpion.
The scorpion is severely wounded.
This wand has 14 charges left.
You constrict the scorpion.
You feel sick. The scorpion stings you!
You die...

## # .# . .#
....## .# .###.##
.....# .# ..)...#
.....# .#
#.....## .....#
.## ##.##...#
....# ..###....#
#.####...####
#.......#
#...#.......
..###..##
#..@s##### ..#
##.# #..........
#.## #.##
##..########
...###..## ##.#.#
....##.#.###.##.#
.....#.##...###.#
._.....###### #.#
.....#.# #.#
....##.# #.#


You could see a scorpion.

Vanquished Creatures
  An adder (D:4)
  A dart slug (D:1)
  A bat (D:1)
  A giant cockroach (D:3)
  3 goblins (D:1)
  5 hobgoblins
  3 kobolds
  4 frilled lizards
  A quokka skeleton (D:4)
  4 rats (D:1)
24 creatures vanquished.

Notes
Turn   | Place    | Note
-------+----------+-------------------------------------------
     0 | D:1      | M4edhros the Octopode Artificer began the quest for the Orb.
     0 | D:1      | Reached XP level 1. HP: 13/13 MP: 3/3
    53 | D:1      | Reached skill level 2 in Stealth
   122 | D:1      | Reached XP level 2. HP: 12/18 MP: 4/4
   125 | D:1      | Reached skill level 3 in Stealth
   531 | D:2      | You fall through a shaft!
   550 | D:3      | Found a basalt altar of Yredelemnul.
   585 | D:3      | Reached skill level 4 in Stealth
   626 | D:3      | Reached XP level 3. HP: 23/23 MP: 5/5
   712 | D:4      | Found a snail-covered altar of Cheibriados.
   870 | D:4      | Noticed a scorpion
   878 | D:4      | Slain by a scorpion

Vault maps used:
D:1:      sevenhm_arrival_forest_fort_large_2, minmay_hexomino_f4
D:2:      corexii_hall_statues_t
D:3:      nicolae_overflow_crystal_walls, minmay_misc_feat_four_crosses,
          makhleb_heckhound_becter
D:4:      lemuel_round_altar, grunt_temple_overflow_open, first_bread,
          minmay_guarded_unrand_vampires_tooth

Skill      XL: |  1  2 |
---------------+-------+-----
Stealth        | 2 4 |  4.5
Fighting       | |  1.0
Short Blades   | |  1.0
Dodging        | |  2.0
Evocations     | |  3.2

Action                   || total
-------------------------++-------
Melee: Short sword       ||    40
       Tentacles         ||     9
       Constrict         ||    14
Evoke: Wand              ||     1
 Stab: Sleeping          ||     9
Dodge: Dodged            ||    16
